 Dungeon Crawl Stone Soup version 0.19-a0-1608-g4cf22de (webtiles) character file.

84 Goblin1989 the Caller (level 4, -4/35 HPs)
             Began as a Demonspawn Summoner on Sept 17, 2016.
             Killed from afar by Natasha (6 damage)
             ... with a magic dart
             ... on level 2 of the Dungeon.
             The game lasted 00:11:33 (2591 turns).

Goblin1989 the Caller (Demonspawn Summoner)         Turns: 2591, Time: 00:11:34

Health: -4/35      AC:  2    Str:  8    XL:     4   Next: 24%
Magic:  3/7        EV: 12    Int: 18    God:
Gold:   74         SH:  0    Dex: 13    Spells: 2 memorised, 5 levels left

rFire  . . .     SeeInvis .     e - +0 club
rCold  + . .     Gourm    .     a - +0 robe
rNeg   . . .     Faith    .     (no shield)
rPois  .         Spirit   .     (helmet restricted)
rElec  .         Dismiss  .     (no cloak)
rCorr  +         Reflect  .     (no gloves)
MR     .....     Harm     .     (no boots)
Stlth  ++........               (no amulet)
                                j - +1 ring of slaying
                                g - ring of resist corrosion

@: no status effects
A: antennae 1, cold resistance 1
a: no special abilities


You were on level 2 of the Dungeon.
You were not hungry.

You visited 1 branch of the dungeon, and saw 2 of its levels.

You collected 74 gold pieces.

Inventory:

Hand Weapons
 e - a +0 club (weapon)
Armour
 a - a +0 robe (worn)
Jewellery
 g - a ring of resist corrosion (left hand)
 j - a +1 ring of slaying (right hand)
Scrolls
 d - 2 scrolls of magic mapping {unknown}
 h - 2 scrolls of random uselessness {unknown}
 i - 2 scrolls of recharging {unknown}
 m - a scroll of identify
 o - a scroll of fog {unknown}
Potions
 n - a potion of curing
Books
 b - a book of Callings

   Spells                             Type                      Level
   a - Summon Small Mammal            Summoning                    1
   b - Call Imp                       Summoning                    2
   c - Call Canine Familiar           Summoning                    3
   d - Summon Guardian Golem          Hexes/Summoning              3
   e - Summon Lightning Spire         Summoning/Air                4
   f - Summon Ice Beast               Ice/Summoning                4
Comestibles
 c - 2 bread rations
 f - a slice of pizza
 k - a chunk of flesh
 l - a beef jerky


   Skills:
 - Level 3.3 Fighting
 - Level 1.8 Dodging
 - Level 1.8 Stealth
 + Level 2.6 Spellcasting
 - Level 4.0 Summonings


You had 5 spell levels left.
You knew the following spells:

 Your Spells              Type           Power        Failure   Level  Hunger
a - Summon Small Mammal   Summ           ###.         3%          1    #......
b - Call Imp              Summ           ###.....     6%          2    ##.....


Dungeon Overview and Level Annotations

Branches:
Dungeon (2/15)

Altars:

Annotations:
D:2 Natasha


Innate Abilities, Weirdness & Mutations

You have a pair of small antennae on your head.
Your flesh is cold resistant. (rC+)


Message History

There is an open door here.
You hit Natasha.
Natasha is moderately wounded.
Natasha closely misses you.
Your rat bites Natasha.
Natasha claws you.
* * * LOW HITPOINT WARNING * * *
You take 2 damage, and have 1/35 hp.
Your rat misses Natasha.
Okay, then.
Your rat closely misses Natasha.
Your crimson imp barely misses Natasha.
Your crimson imp hits Natasha.
As you read the scroll labeled CIRENU MAWIYR, it crumbles to dust.
It is a scroll of identify.
n - a potion of curing Natasha casts a spell.
Your crimson imp completely misses Natasha.
Your crimson imp blinks!
Your crimson imp blinks!
Natasha casts a spell at you. The magic dart hits you!
You die...

.....................'.
...............#######.
#...5..ยง......## #.
##+####r####'## #.
#..h..#..# #.
{#...w.#..# #.
####.5.5.#### #.
#..#.....#..# #.
#..'.@...'..# ##
####'###'#### #..#..#
#..#..# #######


You could see a worm, Natasha, a crimson imp, a friendly crimson imp and a
friendly rat.

Vanquished Creatures
  2 adders (D:2)
  A worm (D:2)
  3 ball pythons
  3 bats (D:1)
  7 goblins
  4 hobgoblins
  2 kobolds
  A quokka (D:2)
  2 frilled lizards
  7 rats
32 creatures vanquished.

Vanquished Creatures (collateral kills)
  3 adders (D:2)
  An ooze (D:2)
  A worm (D:1)
  A dart slug (D:2)
  2 leopard geckos
  4 goblins (D:1)
  2 hobgoblins (D:1)
  2 kobolds (D:2)
  A quokka (D:2)
  A ball python (D:2)
  A bat (D:1)
  A rat (D:2)
20 creatures vanquished.

Grand Total: 52 creatures vanquished

Notes
Turn   | Place    | Note
-------+----------+-------------------------------------------
     0 | D:1      | Goblin1989 the Demonspawn Summoner began the quest for the Orb.
     0 | D:1      | Reached XP level 1. HP: 13/13 MP: 3/3
   218 | D:1      | Reached skill level 1 in Fighting
   401 | D:1      | Gained mutation: Your flesh is cold resistant. (rC+) [demonic ancestry]
   401 | D:1      | Reached XP level 2. HP: 17/21 MP: 3/5
   896 | D:1      | Learned a level 2 spell: Call Imp
  1192 | D:2      | Gained mutation: You have a pair of small antennae on your head. [demonic ancestry]
  1192 | D:2      | Reached XP level 3. HP: 26/28 MP: 3/6
  2078 | D:2      | Reached XP level 4. HP: 26/35 MP: 4/7
  2575 | D:2      | Noticed Natasha
  2585 | D:2      | HP: 1/35 [Natasha (2)]
  2591 | D:2      | Killed from afar by Natasha

Vault maps used:
D:1:      dpeg_arrival_court
D:2:      minmay_snake_closets, uniq_natasha

Skill      XL: |  1  2  3 |
---------------+----------+-----
Fighting       | 1 2 3 |  3.3
Dodging        | |  1.8
Stealth        | |  1.8
Spellcasting   | |  2.6
Summonings     | |  4.0

Action                   |  1- 3 |  4- 6 || total
-------------------------+-------+-------++-------
Melee: Unarmed           |    48 |       ||    48
       Club              |   127 |    20 ||   147
 Cast: Summon Small Mamm |    29 |     6 ||    35
       Call Imp          |     5 |     4 ||     9
  Use: Scroll            |       |     1 ||     1
 Stab: Sleeping          |     2 |       ||     2
  Eat: Chunk             |     5 |     2 ||     7
Armor: Robe              |    58 |     6 ||    64
Dodge: Dodged            |   149 |    19 ||   168
